 Dungeon Crawl Stone Soup version 0.20-a0-501-g0de2c2e (webtiles) character file.

8949 Svalin the Severer (level 11, -3/99 HPs)
             Began as a Minotaur Berserker on Jan 19, 2017.
             Was an Elder of Trog.
             Slain by a death yak (9 damage)
             ... on level 10 of the Dungeon.
             The game lasted 00:34:14 (10092 turns).

Svalin the Severer (Minotaur Berserker)            Turns: 10092, Time: 00:34:15

Health: -3/99      AC: 15    Str: 30    XL:     11   Next: 16%
Magic:  10/10      EV: 10    Int:  4    God:    Trog [****..]
Gold:   620        SH:  4    Dex: 12    Spells: 10/10 levels left

rFire    . . .     SeeInvis .   M - +5 war axe (freeze)
rCold    . . .     Gourm    .   r - +0 chain mail
rNeg     . . .     Faith    .   (no shield)
rPois    .         Spirit   .   (helmet restricted)
rElec    .         Reflect  +   (no cloak)
rCorr    .         Harm     .   a - +0 pair of gloves {Str+3}
MR       .....                  i - +1 pair of boots
Stlth    ..........             m - +4 amulet of reflection
Regen    0.3/turn               x - +4 ring of strength
                                d - +3 ring of slaying

@: exhausted, about to teleport, slowed, very slow
A: retaliatory headbutt, horns 2
a: Berserk, Trog's Hand, Brothers in Arms, Burn Spellbooks, Renounce Religion


You were on level 10 of the Dungeon.
You worshipped Trog.
Trog was greatly pleased with you.
You were hungry.

You visited 1 branch of the dungeon, and saw 10 of its levels.

You collected 620 gold pieces.

Inventory:

Hand Weapons
 w - a +0 battleaxe
 C - a +0 broad axe
 M - a +5 war axe of freezing (weapon)
Armour
 a - a +0 pair of gloves of strength (worn)
 i - a +1 pair of boots (worn)
 r - a +0 chain mail (worn)
 E - the cursed +1 chain mail of Syndicalism {MR++ Int-4 Dex+6}
   (You found it on level 7 of the Dungeon)

   It affects your intelligence (-4).
   It affects your dexterity (+6).
   It affects your resistance to hostile enchantments.
   It has a curse placed upon it.
Jewellery
 d - a +3 ring of slaying (left hand)
 g - an uncursed ring of magical power
 j - an uncursed ring of fire
 m - a +4 amulet of reflection (around neck)
 x - a +4 ring of strength (right hand)
 G - a cursed ring of loudness
 I - a +3 ring of intelligence
 J - a cursed amulet of inaccuracy
 L - an uncursed amulet of faith {unknown}
 O - an uncursed amulet of faith {unknown}
Wands
 u - a wand of polymorph (9/24)
 v - a wand of paralysis (12/24)
Scrolls
 f - 5 scrolls of teleportation
 n - a scroll of blinking {unknown}
 t - 2 scrolls of recharging
 y - 3 scrolls of remove curse
 D - 2 scrolls of magic mapping {unknown}
 F - 2 scrolls of identify
 N - 2 scrolls of vulnerability {unknown}
Potions
 b - 5 potions of agility
 e - 2 potions of haste
 h - 2 potions of lignification
 k - 2 potions of berserk rage
 l - a potion of curing
 o - 2 potions of heal wounds {unknown}
 q - 2 potions of might {unknown}
 s - a potion of cure mutation {unknown}
 A - a potion of invisibility {unknown}
 H - 2 potions of resistance {unknown}
Comestibles
 c - 7 bread rations
 p - a meat ration
 z - 3 chunks of flesh
 B - a royal jelly
 K - 9 slices of pizza


   Skills:
 + Level 10.1 Fighting
 * Level 15.4 Axes
 + Level 9.9 Armour
 - Level 2.1 Dodging


You had 10 spell levels left.
You didn't know any spells.

Dungeon Overview and Level Annotations

Branches:
Dungeon (10/15)            Temple (0/1) D:4             Orc (0/2) D:9
   Lair: D:8-11

Altars:
Ashenzari
Cheibriados
Dithmenos
Elyvilon
Fedhas
Makhleb
Nemelex Xobeh
Zin
The Shining One

Annotations:
D:2 exclusion: oklob plant


Innate Abilities, Weirdness & Mutations

You reflexively headbutt those who attack you in melee.
You have a pair of horns on your head.


Message History

The death yak gores you but does no damage.
You feel better. The death yak gores you.
* * * LOW HITPOINT WARNING * * *
The death yak closely misses you. You furiously retaliate!
You headbutt the death yak!
A hornet comes into view.
The hornet buzzes angrily.
Okay, then.
As you read the scroll of teleportation, it crumbles to dust.
You feel strangely unstable. The death yak gores you!
* * * LOW HITPOINT WARNING * * *
The death yak gores you!
* * * LOW HITPOINT WARNING * * *
You feel better.
You feel better. You block the hornet's attack.
The death yak completely misses you. The hornet stings you!
* * * LOW HITPOINT WARNING * * *
You feel as though you will be slow longer.
The death yak gores you!
You die...

#.#..........####
#.'..........#
###..........#
####'####### ###
#..# ....
##'########
.....####
#.........#
......y.#
#.........#
#@###.).......#
#YYY'.........#
#####.........#
#.........#
#.........#
#.........#
###Y#######
##Yl...###
#.)......#


You could see 2 death yaks, a yak and a hornet.

Vanquished Creatures
  2 two-headed ogres (D:8)
  3 death yaks (D:10)
  Maurice (D:10)
  The ghost of TroubleDarcy the Firebug, a novice DrFE (D:3)
  A troll (D:9)
  3 hippogriffs
  The ghost of brokenspear the Magician, an amateur DEWz of Sif Muna (D:5)
  2 wyverns (D:8)
  A yak (D:10)
  A hungry ghost (D:7)
  A water moccasin (D:9)
  4 orc warriors
  An ice beast (D:9)
  5 phantoms
  4 sky beasts
  A black bear (D:7)
  4 ogres
  2 centaurs (D:8)
  A bullfrog (D:8)
  2 big kobolds
  A wyvern zombie (D:6)
  A scorpion (D:9)
  6 killer bees (D:4)
  4 howler monkeys
  3 crimson imps
  A centaur zombie (D:6)
  3 bullfrog zombies
  3 hounds
  2 orc wizards
  3 orc priests
  3 iguanas
  Natasha (thrice) (D:2)
  4 worker ants
  A killer bee zombie (D:6)
  2 hound zombies (D:6)
  A hound skeleton (D:6)
  A mummy (D:8)
  2 howler monkey zombies
  3 worker ant zombies (D:6)
  2 howler monkey skeletons
  6 adders
  3 gnolls (D:2)
  2 shadow imps
  5 oozes
  4 adder skeletons
  3 adder zombies (D:6)
  2 worms
  2 dart slugs
  3 leopard geckos
  32 orcs
  A ball python (D:4)
  5 giant cockroaches
  6 goblins
  9 hobgoblins
  7 jackals
  2 quokkas
  10 bats
  4 frilled lizards
  8 kobolds
  A leopard gecko skeleton (D:6)
  4 leopard gecko zombies
  6 rats
  A withered plant (D:6)
216 creatures vanquished.

Notes
Turn   | Place    | Note
-------+----------+-------------------------------------------
     0 | D:1      | Svalin the Minotaur Berserker began the quest for the Orb.
     0 | D:1      | Reached XP level 1. HP: 19/19 MP: 0/0
    64 | D:1      | Reached skill level 4 in Axes
   257 | D:1      | Reached XP level 2. HP: 26/26 MP: 1/1
  1009 | D:1      | Reached ** piety under Trog
  1021 | D:1      | Reached skill level 5 in Axes
  1210 | D:2      | Reached XP level 3. HP: 18/31 MP: 2/2
  1524 | D:2      | Found a blossoming altar of Fedhas.
  1543 | D:2      | Noticed an oklob plant
  1837 | D:2      | Noticed Natasha
  1846 | D:2      | Killed Natasha
  1846 | D:2      | Reached skill level 6 in Axes
  1846 | D:2      | Reached XP level 4. HP: 15/39 MP: 3/3
  2264 | D:2      | Noticed Natasha
  2270 | D:2      | Killed Natasha
  2270 | D:2      | Reached XP level 5. HP: 45/45 MP: 4/4
  2358 | D:2      | Noticed Natasha
  2365 | D:2      | Killed Natasha
  2365 | D:2      | Reached skill level 7 in Axes
  2392 | D:2      | Found a shattered altar of Ashenzari.
  2685 | D:3      | Noticed TroubleDarcy's ghost (novice DrFE)
  2700 | D:3      | Killed TroubleDarcy's ghost
  2700 | D:3      | Reached skill level 9 in Axes
  2700 | D:3      | Reached XP level 6. HP: 15/51 MP: 5/5
  3677 | D:4      | Reached XP level 7. HP: 58/58 MP: 6/6
  4035 | D:4      | Reached skill level 10 in Axes
  4054 | D:4      | Found a staircase to the Ecumenical Temple.
  4251 | D:4      | Reached XP level 8. HP: 26/67 MP: 7/7
  4681 | D:4      | Found a white marble altar of Elyvilon.
  4681 | D:4      | Found a shadowy altar of Dithmenos.
  4682 | D:4      | Found a glowing golden altar of the Shining One.
  4717 | D:5      | Entered Level 5 of the Dungeon
  4721 | D:5      | Noticed brokenspear's ghost (amateur DEWz)
  4734 | D:5      | Killed brokenspear's ghost
  4734 | D:5      | Reached skill level 5 in Fighting
  4944 | D:5      | Reached skill level 11 in Axes
  5236 | D:5      | You fall through a shaft for 2 floors!
  5236 | D:7      | Found a snail-covered altar of Cheibriados.
  5249 | D:7      | Reached skill level 5 in Armour
  5330 | D:7      | Got a spiked chain mail
  5976 | D:6      | Reached *** piety under Trog
  6037 | D:6      | Found a shattered altar of Ashenzari.
  6081 | D:6      | Reached skill level 12 in Axes
  6081 | D:6      | Reached XP level 9. HP: 76/78 MP: 8/8
  6563 | D:6      | Found a sparkling altar of Nemelex Xobeh.
  7649 | D:8      | You fall through a shaft!
  7690 | D:8      | Noticed a two-headed ogre
  7696 | D:8      | Killed a two-headed ogre
  7696 | D:8      | Reached skill level 13 in Axes
  7973 | D:8      | Reached XP level 10. HP: 88/88 MP: 9/9
  8168 | D:8      | Found a glowing silver altar of Zin.
  8169 | D:8      | Found a burning altar of Makhleb.
  8170 | D:8      | Noticed an angel
  8172 | D:8      | Noticed a balrug
  8569 | D:8      | Noticed a two-headed ogre
  8575 | D:8      | Killed a two-headed ogre
  8575 | D:8      | Reached skill level 14 in Axes
  8940 | D:8      | Identified the cursed +1 chain mail of Syndicalism {MR++ Int-4 Dex+6} (You found it on level 7 of the Dungeon)
  9249 | D:9      | Found a staircase to the Orcish Mines.
  9275 | D:9      | Reached **** piety under Trog
  9516 | D:9      | Found a burning altar of Makhleb.
  9935 | D:10     | Entered Level 10 of the Dungeon
  9948 | D:10     | Noticed Maurice
  9954 | D:10     | Killed Maurice
 10042 | D:10     | Noticed a death yak
 10047 | D:10     | Noticed a death yak
 10048 | D:10     | Noticed a death yak
 10055 | D:10     | Noticed a death yak
 10056 | D:10     | Noticed a death yak
 10067 | D:10     | Killed a death yak
 10067 | D:10     | Reached skill level 15 in Axes
 10073 | D:10     | Killed a death yak
 10073 | D:10     | Reached XP level 11. HP: 56/99 MP: 10/10
 10078 | D:10     | Killed a death yak
 10078 | D:10     | Reached skill level 10 in Fighting
 10090 | D:10     | HP: 1/99 [death yak (12)]
 10092 | D:10     | Slain by a death yak

Vault maps used:
D:1:      mrwooster_arrival_statue
D:2:      overflow_temple_1_default, tgw_fedhas, uniq_natasha
D:3:      first_bread
D:4:      gammafunk_temple_overflow_claw, serial_park_tiny_1, minmay_ruptured
D:5:      minmay_misc_feat_enclosed, minmay_checkerbox
D:6:      nemelex_xobeh_ov_fountains_minmay, basic_altar, serial_undead,
          serial_undead_b, serial_undead_d, serial_undead_b, serial_undead_d,
          serial_undead_a, serial_undead_e, serial_undead_f, serial_undead_a,
          serial_undead_f, serial_undead_f
D:7:      basic_altar
D:8:      grunt_temple_overflow_order_and_chaos_2, gup_ossuary_entry_pyramid
D:9:      orc_0_dummy, grunt_pizzeria, wad_floor_pattern_2, bloody_makhleb
D:10:     dpeg_lair_monsters, serial_shops, shop_fountains, uniq_maurice,
          uniq_josephine, uniq_nergalle, uniq_harold, uniq_erica, uniq_joseph

Skill      XL: |  1  2  3  4  5  6  7  8  9 10 11 |
---------------+----------------------------------+-----
Axes           | 4 5 6 9 10 12 13 15 | 15.4
Fighting       | 4 6 8 9 10 | 10.1
Armour         | 4 5 7 9 |  9.9
Dodging        | |  2.1

Action                   |  1- 3 |  4- 6 |  7- 9 | 10-12 || total
-------------------------+-------+-------+-------+-------++-------
Melee: Hand axe          |    77 |    72 |    33 |       ||   182
       Headbutt          |    14 |    10 |    62 |    30 ||   116
       War axe           |       |       |    63 |   102 ||   165
       Broad axe         |       |       |   153 |    21 ||   174
Invok: Berserk           |     1 |     2 |     3 |     1 ||     7
       Trog's Hand       |     1 |     5 |     5 |     1 ||    12
  Use: Scroll            |     6 |     6 |     4 |    10 ||    26
       Potion            |       |       |       |     3 ||     3
 Stab: Held in net/web   |       |       |       |     1 ||     1
  Eat: Chunk             |     4 |     2 |    14 |     6 ||    26
       Beef jerky        |       |     1 |     1 |     1 ||     3
       Meat ration       |       |     1 |       |       ||     1
       Pizza             |       |       |     2 |       ||     2
Armor: Ring mail         |    19 |    20 |       |       ||    39
       Chain mail        |       |       |    98 |    43 ||   141
Dodge: Dodged            |    42 |    26 |    89 |    25 ||   182
Block: Other             |       |     6 |    35 |    12 ||    53
       Reflection        |       |       |     1 |       ||     1
